 Dungeon Crawl Stone Soup version 0.28.0-53-g5a82cb258f (webtiles) character file.

Game seed: 7267812967070789263

18 safid the Digger (level 2, 0/16 HPs)
             Began as a Gargoyle Earth Elementalist on Aug 29, 2022.
             Slain by a jackal (1 damage)
             ... on level 1 of the Dungeon.
             The game lasted 00:01:20 (495 turns).

safid the Digger (Gargoyle Earth Elementalist)       Turns: 495, Time: 00:01:20

Health: 0/16       AC:  4    Str: 11    XL:     2   Next: 70%
Magic:  0/5        EV: 12    Int: 15    God:
Gold:   22         SH:  0    Dex: 10    Spells: 4/5 levels left

rFire   . . .      SeeInvis .   a - +0 dagger
rCold   . . .      Faith    .   (no shield)
rNeg    + . .      Spirit   .   b - +0 robe
rPois   ∞          Reflect  .   (no helmet)
rElec   +          Harm     .   (no cloak)
rCorr   .          Rampage  .   (no gloves)
Will    .....                   (no boots)
Stlth   ++........              (no amulet)
HPRegen 0.05/turn               (no ring)
MPRegen 0.09/turn               (no ring)

@: no status effects
A: sickness immunity, AC +2, negative energy resistance 1, electricity
resistance, torment resistance 1, petrification resistance
a: no special abilities


You were on level 1 of the Dungeon.
You visited 1 branch of the dungeon, and saw 1 of its levels.

You collected 22 gold pieces.

Inventory:

Hand Weapons
 a - a +0 dagger (weapon)
Missiles
 c - 33 stones
Armour
 b - a +0 robe (worn)


   Skills:
 + Level 1.0 Fighting
 + Level 1.8 Dodging
 - Level 2.1 Stealth
 + Level 2.2 Spellcasting
 - Level 1.0 Transmutations
 + Level 3.9 Earth Magic


You had 4 spell levels left.
You knew the following spells:

 Your Spells              Type           Power      Damage    Failure   Level
a - Sandblast             Erth           26%        2d8       4%          1

Your spell library contained the following spells:

 Spells                   Type           Power      Damage    Failure   Level
 Passwall                 Tmut/Erth      7%         N/A       12%         2
 Stone Arrow              Conj/Erth      14%        3d7       28%         3
 Blink                    Tloc           2%         N/A       32%         2
 Petrify                  Tmut/Erth      9%         N/A       61%         4
 Manifold Assault         Tloc           1%         N/A       99%         5
 Storm Form               Tmut/Air       1%         N/A       100%        7


Dungeon Overview and Level Annotations

Branches:
Dungeon (1/15)

Altars:


Innate Abilities, Weirdness & Mutations

You are immune to sickness and miasma.
Your stone body is resilient. (AC +2)
You are immune to poison.
You resist negative energy. (rN+)
You are resistant to electric shocks. (rElec)
You are resistant to unholy torment.
You are immune to petrification.


Message History

Unknown command.
Casting: Sandblast (safe; 4% risk of failure)
Confirm with . or Enter, or press ? or * to list all spells.
Aiming: Sandblast (safe; 4% risk of failure)
Press: ? - help, Shift-Dir - straight line, f/p - rat
Aim: a rat (severely wounded, 79% to hit)
The blast of sand hits the rat!
You kill the rat!
Unknown command.
The jackal barely misses you. The jackal closely misses you.
The jackal bites you but does no damage.
The jackal bites you but does no damage.
Casting: Sandblast (safe; 4% risk of failure)
Confirm with . or Enter, or press ? or * to list all spells.
Aiming: Sandblast (safe; 4% risk of failure)
Press: ? - help, Shift-Dir - straight line, f - jackal
Aim: a jackal (74% to hit)
The blast of sand hits the jackal.
The jackal is severely wounded.
The jackal misses you.
Unknown command.
The jackal completely misses you. The jackal barely misses you.
The jackal barely misses you. The jackal bites you.
* * * LOW HITPOINT WARNING * * *
Casting: Sandblast (safe; 4% risk of failure)
Confirm with . or Enter, or press ? or * to list all spells.
Aiming: Sandblast (safe; 4% risk of failure)
Press: ? - help, Shift-Dir - straight line, f/p - jackal
Aim: a jackal (moderately wounded, 74% to hit)
The blast of sand hits the jackal.
The jackal is almost dead.
The jackal bites you.
* * * LOW HITPOINT WARNING * * *
The jackal barely misses you.
The jackal bites you but does no damage.
The jackal bites you.
You die...

.. #.............##.# #
...............#†#
#..............#.#
###########............).#####
.............................#
...####..##..................#
.........................††..#
................h..#.....†..^#
#########)......@..###....####
#..........# ####.#
#.....>..+### ###'#
####........#..###..##
............#...8...#
####........##.....##
##........#.._.8#
#........##.....##
#.......>#.......#


You could see a jackal.

Vanquished Creatures
  A dart slug (D:1)
  2 endoplasms (D:1)
  A giant cockroach (D:1)
  A goblin (D:1)
  A hobgoblin (D:1)
  3 jackals (D:1)
  3 quokkas (D:1)
  A rat (D:1)
13 creatures vanquished.

Notes
Turn   | Place    | Note
-------+----------+-------------------------------------------
     0 | D:1      | safid the Gargoyle Earth Elementalist began the quest for
                  | the Orb.
     0 | D:1      | Reached XP level 1. HP: 10/10 MP: 3/3
   241 | D:1      | Found a faded altar of an unknown god.
   320 | D:1      | Reached skill level 1 in Transmutations
   320 | D:1      | Reached XP level 2. HP: 16/16 MP: 3/5
   444 | D:1      | Reached skill level 1 in Fighting
   495 | D:1      | Slain by a jackal

Illustrated notes

Levels and vault maps discovered:
D:1:      dpeg_arrival_tiny_k, layout_rooms,
          hellmonk_ecumenical_altar_slurped_away

Skill      XL: |  1  2 |
---------------+-------+-----
Transmutations | 1 |  1.0
Fighting       | 1 |  1.0
Dodging        | |  1.8
Stealth        | |  2.1
Spellcasting   | |  2.2
Earth Magic    | |  3.9

Action                   || total
-------------------------++-------
Melee: Dagger            ||    48
       Punch             ||     1
 Cast: Sandblast         ||    16
Armor: Robe              ||    25
Dodge: Dodged            ||    43
